 Dungeon Sprint DCSS version 0.27.1 (webtiles) character file.

Game seed: 4380083033271845819

1092 styxcanada the Unseen (level 8, -8/42 HPs)
             Began as a Spriggan Brigand on Aug 22, 2021.
             Was an Initiate of Gozag.
             Mangled by a killer bee (13 damage)
             ... in the Dungeon (Sprint IV: "Fedhas' Mad Dash").
             The game lasted 00:04:52 (615 turns).

styxcanada the Unseen (Spriggan Brigand)             Turns: 615, Time: 00:04:52

Health: -8/42      AC:  3    Str:  7    XL:     8   Next: 9%
Magic:  7/9        EV: 22    Int: 12    God:    Gozag
Gold:   500        SH:  7    Dex: 19    Spells: 7/7 levels left

rFire    . . .     SeeInvis +   a - +3 dagger
rCold    . . .     Faith    .   j - +0 buckler
rNeg     . . .     Spirit   .   b - +0 robe
rPois    .         Reflect  .   (helmet restricted)
rElec    .         Harm     .   c - +0 cloak
rCorr    .         Rampage  .   (gloves unavailable)
Will     +....     NoTele   +   (boots unavailable)
Stlth    +++.......             l - amulet of invisibility {+Inv}
HPRegen  0.14/turn              (no ring)
MPRegen  0.11/turn              (no ring)

@: contaminated, glowing, invisible (but backlit and visible), very quick
A: very small, no large weapons, unfitting armour, see invisible, speed 3
a: Renounce Religion, Evoke Invisibility, Potion Petition, Call Merchant, Bribe
Branch


You were in the Dungeon.
You worshipped Gozag.
Gozag was pleased with you.
You visited 1 branch You collected 785 gold pieces.
You spent 285 gold pieces at shops.

Inventory:

Hand Weapons
 a - a +3 dagger (weapon)
 n - a +2 long sword of holy wrath
Missiles
 d - 7 poisoned darts
 e - a curare-tipped dart (quivered)
Armour
 b - a +0 robe (worn)
 c - a +0 cloak (worn)
 j - a +0 buckler (worn)
Jewellery
 l - the amulet of invisibility (around neck) {+Inv}
   (You found it in the Dungeon)

   [amulet of nothing]

   +Inv:      It lets you turn invisible.
Scrolls
 k - a scroll of blinking
 m - 2 scrolls of identify
 o - a scroll of summoning
Potions
 g - a potion of heal wounds
 h - 2 potions of haste
 i - 2 potions of magic
 p - a potion of might


   Skills:
 * Level 4.9 Fighting
 + Level 5.0 Short Blades
 + Level 4.6 Throwing
 * Level 8.1 Dodging
 * Level 18.7 Stealth
 * Level 3.1 Shields
 * Level 7.0 Evocations


You had 7 spell levels left.
You didn't know any spells.
Your spell library was empty.

Dungeon Overview and Level Annotations

Branches:
Dungeon (1/1)

Altars:
Cheibriados
Dithmenos
Elyvilon
Gozag
Hepliaklqana
Kikubaaqudgha
Makhleb
Nemelex Xobeh
Okawaru
Qazlal
Ru
Sif Muna
Trog
Uskayaw
Vehumet
Wu Jian
Xom
Yredelemnul
Zin
The Shining One
Beogh
Jiyva
Lugonu

Shops:
D *[=?


Innate Abilities, Weirdness & Mutations

You are very small and have problems with some larger weapons.
You are too small for most types of armour.
You have supernaturally acute eyesight. (SInv)
You cover ground extremely quickly. (Speed+++)


Message History

You catch the helpless killer bee completely off-guard!
You stick the killer bee like a pincushion!!!
You kill the killer bee!
Your Short Blades skill increases to level 5!
Your Evocations skill increases to level 7!
You see here 54 gold pieces. 2 killer bees come into view.
You flicker back into view.
The queen bee buzzes angrily.
The killer bee buzzes angrily. x2
The killer bee stings you but does no damage.
The queen bee stings you!
You barely miss the queen bee. The killer bee completely misses you.
You miss the killer bee. You block the killer bee's attack.
The killer bee completely misses you. You block the killer bee's attack.
The queen bee calls on the killer bee to defend it!
The killer bee goes berserk!
The queen bee calls on the killer bee to defend it!
The killer bee goes berserk!
The killer bee completely misses you. The killer bee misses you.
The killer bee completely misses you.
You fade into invisibility!
You are contaminated with residual magic.
The killer bee closely misses you. x3; The killer bee misses you.
You block the killer bee's attack.
The queen bee calls on the killer bee to defend it!
The killer bee goes berserk!
The killer bee completely misses you. You block the killer bee's attack.
The killer bee closely misses you.
You hit the killer bee.
The killer bee is lightly wounded.
The killer bee misses you. x2; You block the killer bee's attack.
The killer bee stings you! x2
* * * LOW HITPOINT WARNING * * *
The killer bee barely misses you. The queen bee misses you.
The killer bee closely misses you. The killer bee completely misses you.
You block the killer bee's attack.
You feel better. The killer bee barely misses you. x2
The killer bee stings you!
* * * LOW HITPOINT WARNING * * *
The killer bee barely misses you. The killer bee stings you!
You die...
Your body crumbles into a pile of gold.

####################
#<)..#.....#.....#.⌠
#PP.)'.[...'.#.).'..
#PPPP#...÷.#.#...#..
###############'##..
#.yy♣$.......'...#._
#.y@...♣.....#$$$###
#.y...♣..♣..######
##+####+##### $


$$$$ You could see a queen bee and 3 killer bees.

Vanquished Creatures
  A burning bush (D)
  2 wandering mushrooms (D)
  3 scorpions (D)
  A killer bee (D)
  4 oklob saplings (D)
  2 spriggans (D)
  A river rat (D)
  A rat (D)
15 creatures vanquished.

Vanquished Creatures (others)
  A fungus (D)
1 creature vanquished.

Grand Total: 16 creatures vanquished

Notes
Turn   | Place    | Note
-------+----------+-------------------------------------------
     0 | D        | styxcanada the Spriggan Brigand began the quest for the
                  | Orb.
     0 | D        | Reached XP level 1. HP: 10/10 MP: 2/2
     9 | D        | Reached skill level 8 in Stealth
     9 | D        | Reached XP level 2. HP: 15/15 MP: 3/3
    12 | D        | Noticed an oklob sapling
    14 | D        | Killed an oklob sapling
    15 | D        | Reached skill level 10 in Stealth
    15 | D        | Reached XP level 3. HP: 18/18 MP: 4/4
    16 | D        | Noticed a scorpion
    16 | D        | Found the amulet of invisibility {+Inv}
    18 | D        | Killed a scorpion
    19 | D        | Reached skill level 12 in Stealth
    19 | D        | Reached XP level 4. HP: 23/23 MP: 5/5
    39 | D        | Found an opulent altar of Gozag.
    39 | D        | Found a hazy altar of Hepliaklqana.
    39 | D        | Found a burning altar of Makhleb.
    39 | D        | Found a sparkling altar of Nemelex Xobeh.
    39 | D        | Found a sacrificial altar of Ru.
    39 | D        | Found a shimmering blue altar of Sif Muna.
    39 | D        | Found an ornate altar of the Wu Jian Council.
    39 | D        | Found a shimmering altar of Xom.
    39 | D        | Found a basalt altar of Yredelemnul.
    40 | D        | Found a viscous altar of Jiyva.
    40 | D        | Found a snail-covered altar of Cheibriados.
    40 | D        | Found a bloodstained altar of Trog.
    41 | D        | Found an iron altar of Okawaru.
    41 | D        | Found a shadowy altar of Dithmenos.
    41 | D        | Found a glowing silver altar of Zin.
    42 | D        | Found an ancient bone altar of Kikubaaqudgha.
    42 | D        | Found a hide-covered altar of Uskayaw.
    43 | D        | Found a stormy altar of Qazlal.
    43 | D        | Found a white marble altar of Elyvilon.
    43 | D        | Found a glowing golden altar of the Shining One.
    44 | D        | Became a worshipper of Gozag Ym Sagoz the Greedy
    45 | D        | Found a corrupted altar of Lugonu.
    45 | D        | Found a radiant altar of Vehumet.
    49 | D        | Reached skill level 13 in Stealth
    49 | D        | Reached skill level 1 in Evocations
    49 | D        | Reached XP level 5. HP: 28/28 MP: 3/6
    92 | D        | Reached skill level 14 in Stealth
   137 | D        | Reached skill level 5 in Dodging
   229 | D        | Reached skill level 15 in Stealth
   229 | D        | Reached XP level 6. HP: 11/32 MP: 7/7
   481 | D        | Found Geuty's Armour Shop.
   482 | D        | Found Suffegew's General Store.
   487 | D        | Bought a scroll of identify for 24 gold pieces
   490 | D        | Noticed a burning bush
   490 | D        | Noticed a wandering mushroom
   491 | D        | Noticed a wandering mushroom
   494 | D        | Killed a burning bush
   495 | D        | Reached skill level 16 in Stealth
   495 | D        | Reached skill level 1 in Shields
   495 | D        | Reached skill level 5 in Evocations
   495 | D        | Reached XP level 7. HP: 37/37 MP: 5/8
   495 | D        | Killed a wandering mushroom
   496 | D        | Reached skill level 17 in Stealth
   496 | D        | Killed a wandering mushroom
   497 | D        | Reached skill level 18 in Stealth
   499 | D        | Reached XP level 8. HP: 42/42 MP: 5/9
   532 | D        | Found Ewif's Magic Scroll Emporium.
   532 | D        | Found Apikly's Jewellery Shoppe.
   539 | D        | Bought a scroll of summoning for 123 gold pieces
   562 | D        | Bought a potion of might for 48 gold pieces
   562 | D        | Bought a scroll of enchant weapon for 90 gold pieces
   599 | D        | Noticed a queen bee
   608 | D        | Reached skill level 5 in Short Blades
   615 | D        | Mangled by a killer bee

Illustrated notes

Levels and vault maps discovered:
D:        dungeon_sprint_fedhas [sprint_temple]

Skill      XL: |  1  2  3  4  5  6  7  8 |
---------------+-------------------------+-----
Dodging        | 2 3 4 5 6 8 |  8.1
Stealth        | 8 10 12 13 15 16 18 | 18.7
Fighting       | 2 3 4 |  4.9
Short Blades   | 3 4 5 |  5.0
Evocations     | 1 3 5 6 7 |  7.0
Throwing       | 3 4 |  4.6
Shields        | 1 3 |  3.1

Action                   |  1- 3 |  4- 6 |  7- 9 || total
-------------------------+-------+-------+-------++-------
Melee: Dagger            |     4 |    15 |    12 ||    31
Throw: Dart              |       |    13 |       ||    13
 Abil: Evoke Invisibilit |       |     3 |     2 ||     5
  Use: Potion            |       |     1 |     1 ||     2
       Scroll            |       |       |     1 ||     1
 Stab: Sleeping          |     3 |     3 |     4 ||    10
       Invisible         |       |       |     1 ||     1
Armor: Robe              |       |       |     1 ||     1
Dodge: Dodged            |       |    11 |    23 ||    34
Block: Buckler           |       |       |     6 ||     6
